 Dungeon Crawl Stone Soup version 0.20.1-1-g8b1a95d (webtiles) character file.

116 KoningWillie the Ruffian (level 4, -5/45 HPs)
             Began as a Troll Monk on Sept 11, 2017.
             Splashed by Ijyb's acid (9 damage)
             ... on level 3 of the Dungeon.
             The game lasted 00:03:47 (2364 turns).

KoningWillie the Ruffian (Troll Monk)               Turns: 2364, Time: 00:03:47

Health: -5/45      AC:  5    Str: 20    XL:     4   Next: 70%
Magic:  3/3        EV: 11    Int:  6    God:
Gold:   63         SH:  0    Dex: 12    Spells: 3/3 levels left

rFire    . . .     SeeInvis .     - Unarmed
rCold    . . .     Gourm    +   (no shield)
rNeg     . . .     Faith    .   a - +0 robe
rPois    .         Spirit   .   (helmet restricted)
rElec    .         Reflect  .   (no cloak)
rCorr    .         Harm     .   (gloves unavailable)
MR       .....                  (boots unavailable)
Stlth    ++........             (no amulet)
Regen    0.6/turn               (no ring)
MPRegen  0.1/turn               (no ring)

@: no status effects
A: unfitting armour, claws 3, fast metabolism 3, gourmand, regeneration 1,
shaggy fur 1, tough skin 2
a: no special abilities


You were on level 3 of the Dungeon.
You were full.

You visited 1 branch of the dungeon, and saw 3 of its levels.

You collected 63 gold pieces.

Inventory:

Armour
 a - a +0 robe (worn)
Jewellery
 r - a cursed amulet of inaccuracy {unknown}
Scrolls
 e - a scroll of random uselessness {unknown}
 f - 5 scrolls of remove curse {unknown}
 g - 4 scrolls of identify {unknown}
 j - a scroll of blinking {unknown}
 n - a scroll of recharging {unknown}
 o - a scroll of teleportation {unknown}
 p - a scroll of enchant weapon {unknown}
Potions
 c - a potion of agility {unknown}
 d - 2 potions of mutation {unknown}
 h - a potion of degeneration {unknown}
 k - a potion of curing {unknown}
 l - a potion of lignification {unknown}
 m - a potion of ambrosia {unknown}
Comestibles
 b - 4 bread rations
 i - a royal jelly
 q - 6 fruits


   Skills:
 + Level 3.0 Fighting
 + Level 3.0 Dodging
 + Level 1.3 Stealth
 + Level 4.2 Unarmed Combat


You had 3 spell levels left.
You didn't know any spells.

Dungeon Overview and Level Annotations

Branches:
Dungeon (3/15)

Altars:

Annotations:
D:3 Ijyb


Innate Abilities, Weirdness & Mutations

You are too large for most types of armour.
You have claws for hands.
Your metabolism is lightning-fast.
You like to eat raw meat.
Your natural rate of healing is unusually fast.
You are covered in fur. (AC +1)
You have very tough skin. (AC +2)


Message History

The jackal moves out of view.
The jackal barks!
You hear a bark!
You hear an angry hiss.
Ijyb the Twisted Goblin comes into view.
She is wielding a dagger.
A rat comes into view.
Ijyb hits you but does no damage.
Found a brown potion and 21 stones.
A jackal comes into view.
You miss the jackal. The jackal closely misses you.
Ijyb zaps a wand.
The bolt of acid hits you!
You are splashed with acid!
The acid burns!
It is a wand of acid (?/15).
An adder comes into view.
The adder moves out of view.
The jackal barely misses you.
You claw the jackal!
You kill the jackal!
The jackal closely misses you.
You closely miss the jackal.
Ijyb zaps a wand.
The bolt of acid misses the jackal.
The bolt of acid hits you!
* * * LOW HITPOINT WARNING * * *
You are splashed with acid!
The acid burns!
You die...

###.####.# ......##.# #.#
##..#.##.# ... .
P..P.P##.# .. ..
.P..P.##.# .. ...
......##.# !##..
≈P....##.# ... ≈≈♣≈≈.##.#
#######.##..#
≈≈≈≈P....####...@hgh....#
≈≈≈.P..#......#####r##.##
≈≈≈..P######### .#
≈≈≈...# .# ≈..PP.# .#
...PP.# .# ......# (.
####### .#


You could see Ijyb, 2 jackals and a rat.

Vanquished Creatures
  6 adders
  3 worms (D:2)
  A dart slug (D:1)
  A ball python (D:2)
  2 giant cockroaches
  5 goblins
  6 hobgoblins
  5 jackals
  14 kobolds
  6 bats
  A frilled lizard (D:3)
  5 rats
55 creatures vanquished.

Notes
Turn   | Place    | Note
-------+----------+-------------------------------------------
     0 | D:1      | KoningWillie the Troll Monk began the quest for the Orb.
     0 | D:1      | Reached XP level 1. HP: 22/22 MP: 0/0
   108 | D:1      | Reached XP level 2. HP: 29/29 MP: 1/1
   919 | D:2      | Reached XP level 3. HP: 35/36 MP: 2/2
  1583 | D:2      | Reached XP level 4. HP: 38/44 MP: 3/3
  1665 | D:2      | Reached skill level 4 in Unarmed Combat
  2359 | D:3      | Noticed Ijyb
  2364 | D:3      | Splashed by Ijyb's acid

Skill      XL: |  1  2  3  4 |
---------------+-------------+-----
Unarmed Combat | 4 |  4.2
Fighting       | 3 |  3.0
Dodging        | 3 |  3.0
Stealth        | |  1.3

Action                   |  1- 3 |  4- 6 || total
-------------------------+-------+-------++-------
Melee: Unarmed           |   105 |    36 ||   141
       Punch             |     2 |     1 ||     3
 Stab: Sleeping          |     2 |     1 ||     3
  Eat: Chunk             |     9 |    10 ||    19
       Meat ration       |     1 |       ||     1
Armor: Robe              |    44 |    13 ||    57
Dodge: Dodged            |    69 |    26 ||    95
